 Dungeon Crawl Stone Soup version 0.30-a0-879-ga8ba668304 (webtiles) character file.

Game seed: 5471268214833027220

16 Pimp the Insei (level 2, -3/18 HPs)
             Began as an Octopode Transmuter on Mar 13, 2023.
             Slain by a kobold
             ... wielding a +0 dagger
              (4 damage)
             ... on level 1 of the Dungeon.
             The game lasted 00:01:14 (179 turns).

Pimp the Insei (Octopode Transmuter)                 Turns: 179, Time: 00:01:15

Health: -3/18      AC:  1    Str:  9    XL:     2   Next: 54%
Magic:  5/5        EV: 13    Int: 15    God:
Gold:   0          SH:  0    Dex: 12    Spells: 4/5 levels left

rFire   . . .      SeeInvis .      - Unarmed
rCold   . . .      Faith    .    (no shield)
rNeg    . . .      Spirit   .    (helmet currently unavailable)
rPois   .          Reflect  .    (no amulet)
rElec   .          Rampage  .    (no ring)
rCorr   .                        (no ring)
Will    .....                    (no ring)
Stlth   ++                       (no ring)
HPRegen 0.23/turn                (no ring)
MPRegen 0.09/turn                (no ring)
                                 (no ring)
                                 (no ring)

@: appendages (expiring)
A: tentacle spike 3, almost no armour, amphibious, 8 rings, camouflage 1,
gelatinous body 1, (nimble swimmer 1), tentacles
a: End Transformation


You were on level 1 of the Dungeon.
One of your tentacles had grown a beastly spike.
You visited 1 branch of the dungeon, and saw 1 of its levels.

Inventory:

Potions
 a - a potion of lignification


   Skills:
 + Level 1.1 Fighting
 + Level 2.1 Dodging
 + Level 0.6 Stealth
 * Level 3.3 Unarmed Combat
 + Level 2.1 Spellcasting
 + Level 2.1 Transmutations


You had 4 spell levels left.
You knew the following spells:

 Your Spells              Type           Power      Damage    Failure   Level
a - Beastly Appendage     Tmut           16%        N/A       9%          1

Your spell library contained the following spells:

 Spells                   Type           Power      Damage    Failure   Level
 Wereblood                Tmut           8%         N/A       14%         2
 Spider Form              Tmut/Pois      4%         N/A       38%         3
 Ice Form                 Ice/Tmut       4%         N/A       80%         4


Dungeon Overview and Level Annotations

Branches:
Dungeon (1/15)

Altars:


Innate Abilities, Weirdness & Mutations

One of your tentacles has grown a beastly spike.
You cannot wear most types of armour.
You are amphibious.
You can wear up to eight rings at the same time.
Your skin changes colour to match your surroundings (Stealth+).
Your rubbery body absorbs attacks. (AC +1, EV +1)
((You are camouflaged when in or above water. (Stealth+)))
You have tentacles for arms and can constrict up to eight enemies at once.


Message History

The ball python barely misses you. x2
You tentacle-slap the kobold but do no damage.
Your grab misses the kobold. The kobold misses you.
The ball python closely misses you. The ball python barely misses you.
You tentacle-slap the ball python.
You kill the ball python!
The kobold barely misses you. The hobgoblin closely misses you.
You barely miss the kobold. Your grab misses the kobold.
Your tentacle spike misses the kobold.
The kobold hits you with a +0 dagger. The hobgoblin misses you.
You tentacle-slap the hobgoblin. You grab the hobgoblin.
The hobgoblin is moderately wounded.
You constrict the hobgoblin. The kobold barely misses you.
The endoplasm hits you. The hobgoblin hits you.
You tentacle-slap the kobold. Your grab misses the kobold.
Your tentacle spike misses the kobold.
The kobold is moderately wounded.
You constrict the hobgoblin. The kobold hits you with a +0 dagger.
The endoplasm hits you but does no damage.
The hobgoblin misses you.
You tentacle-slap the kobold. Your grab misses the kobold.
Your tentacle spike misses the kobold.
The kobold is severely wounded.
You constrict the hobgoblin.
You kill the hobgoblin!
The kobold hits you but does no damage. The endoplasm misses you.
The kobold attacks as you move away! The kobold hits you with a +0 dagger.
The endoplasm closely misses you.
You barely miss the endoplasm. The kobold hits you with a +0 dagger.
The endoplasm freezes you.
You are frozen.
* * * LOW HITPOINT WARNING * * *
You tentacle-slap the endoplasm. You squeeze the endoplasm.
The endoplasm is heavily wounded.
Your transformation is almost over.
The kobold barely misses you. The endoplasm closely misses you.
You tentacle-slap the endoplasm.
You pierce the endoplasm.
You kill the endoplasm!
The kobold hits you with a +0 dagger.
You die...

#..........# ##........##
##......############
##...### ☼~÷~~~~~~#
#..### # ~~÷~~~~~☼~ #..#
#§ #~~○~#~~~ #..#
#~~~☼~~~~~÷~
.#####K.#####~~~ ~~~~~~~
#>......@....############
##............+....<....'
#...........############
#...........#~~~ ~~~~~~~
....#...##.###~~~~~☼~~~~~
###.....# .. #~ #~~~~#~~~
#...... ...# ~~~~~~~~~~
#..... ...# ~~~~~~~~~#
##########


You could see a kobold.

Vanquished Creatures
  A ball python (D:1)
  2 endoplasms (D:1)
  4 goblins (D:1)
  5 hobgoblins (D:1)
  A frilled lizard (D:1)
13 creatures vanquished.

Notes
Turn   | Place    | Note
-------+----------+-------------------------------------------
     0 | D:1      | Pimp the Octopode Transmuter began the quest for the Orb.
     0 | D:1      | Reached XP level 1. HP: 13/13 MP: 3/3
   123 | D:1      | Reached XP level 2. HP: 17/18 MP: 3/5
   179 | D:1      | Slain by a kobold

Illustrated notes

Levels and vault maps discovered:
D:1:      saegor_arrival_miasma, layout_rooms, interstate_on_off,
          nicolae_figureground_sparkle

Action                     || total
---------------------------++-------
  Melee: Unarmed           ||    37
         Constrict         ||     9
         Kick              ||     6
         Tentacles         ||     4
   Cast: Beastly Appendage ||     3
 Armour: Skin              ||     3
  Dodge: Dodged            ||    31

Table legend: (Time is in decaauts)
 A = Elapsed time spent in this place.
 B = Non-inter-level travel time spent in this place.
 C = Inter-level travel time spent in this place.
 D = Time resting spent in this place.
 E = Time spent auto-exploring this place.
 F = Levels seen in this place.
 G = Mean time per level.
                   A        B        C        D        E       F      G
               +--------+--------+--------+--------+--------+-----+--------+
         Total |    177 |    177 |      0 |     19 |     89 |   1 |  177.0 |
       Dungeon |    177 |    177 |      0 |     19 |     89 |   1 |  177.0 |
               +--------+--------+--------+--------+--------+-----+--------+

Top non-repeatable levels by time:
     D:1: 177 daAuts
